 Dungeon Crawl Stone Soup version 0.19.1-1-g22dce08 (webtiles) character file.

100 Jynx the Chiller (level 4, 0/30 HPs)
             Began as a Merfolk Ice Elementalist on Jan 15, 2017.
             Slain by Corvus's ghost (10 damage)
             ... on level 3 of the Dungeon.
             The game lasted 00:07:08 (3802 turns).

Jynx the Chiller (Merfolk Ice Elementalist)         Turns: 3802, Time: 00:07:08

Health: 0/30       AC:  4    Str: 12    XL:     4   Next: 74%
Magic:  4/8        EV: 13    Int: 14    God:
Gold:   113        SH:  0    Dex: 14    Spells: 3 memorised, 3 levels left

rFire  . . .     SeeInvis .     n - +0 falchion
rCold  . . .     Gourm    .     a - +0 robe
rNeg   . . .     Faith    .     (no shield)
rPois  .         Spirit   .     (no helmet)
rElec  .         Reflect  .     l - +0 cloak
rCorr  .         Harm     .     e - +0 pair of gloves {Str+3}
MR     .....                    (no boots)
Stlth  ++........               (no amulet)
                                (no ring)
                                (no ring)

@: no status effects
A: change form in water, swift swim, stealthy swim
a: no special abilities


You were on level 3 of the Dungeon.
You were hungry.

You visited 1 branch of the dungeon, and saw 3 of its levels.

You collected 113 gold pieces.

Inventory:

Hand Weapons
 n - a +0 falchion (weapon)
Armour
 a - a +0 robe (worn)
 e - a +0 pair of gloves of strength (worn)
 l - a +0 cloak (worn)
Scrolls
 f - a scroll of fear {unknown}
 g - a scroll of immolation {unknown}
 h - a scroll of magic mapping {unknown}
 j - a scroll of identify
 k - 2 scrolls of fog
 q - a scroll of teleportation {unknown}
 s - a scroll of remove curse {unknown}
Potions
 d - a potion of ambrosia {unknown}
 i - a potion of curing {unknown}
 m - 2 potions of degeneration {unknown}
 r - a potion of might {unknown}
Books
 b - a book of Frost

   Spells                             Type                      Level
   a - Freeze                         Ice                          1
   b - Throw Frost                    Conjuration/Ice              2
   c - Ozocubu's Armour               Charms/Ice                   3
   d - Throw Icicle                   Conjuration/Ice              4
   e - Summon Ice Beast               Ice/Summoning                4
Comestibles
 c - a bread ration
 o - 2 meat rations
 t - 3 fruits
 u - a slice of pizza


   Skills:
 - Level 2.6 Dodging
 - Level 2.1 Stealth
 + Level 3.1 Spellcasting
 + Level 0.8 Conjurations
 + Level 0.7 Charms
 * Level 4.8 Ice Magic


You had 3 spell levels left.
You knew the following spells:

 Your Spells              Type           Power        Failure   Level  Hunger
a - Freeze                Ice            ###.         2%          1    #......
b - Throw Frost           Conj/Ice       ##....       12%         2    ##.....
c - Ozocubu's Armour      Chrm/Ice       #.......     21%         3    ###....


Dungeon Overview and Level Annotations

Branches:
Dungeon (3/15)

Altars:
Dithmenos

Annotations:
D:3 Corvus's ghost, amateur FeCj


Message History

The magic dart hits you!
You closely miss Corvus's ghost.
Corvus's ghost is heavily damaged.
You are feeling hungry.
Corvus's ghost hits you!
You hit Corvus's ghost.
Corvus's ghost is heavily damaged.
Corvus's ghost hits you.
You barely miss Corvus's ghost.
Corvus's ghost is heavily damaged.
Corvus's ghost casts a spell.
Corvus's ghost blinks!
Corvus's ghost closely misses you.
You closely miss Corvus's ghost.
Corvus's ghost is heavily damaged.
Corvus's ghost hits you.
You closely miss Corvus's ghost.
Corvus's ghost is heavily damaged.
Corvus's ghost hits you!
You die...

#.......# ##.# ..#.##### #..#
.##.# ##..# .##.# #...# .##.#
##..## .##.# #...# .##.#
###...###
[##.########.......##############
...............W@................
........####[......#############.
........# ###...### #. ........##
#...# #. ###......# ##.## #.
#......# #.# #. #####..# #.# #.
#..# #.# #. #.[# #.. #.


You could see Corvus's ghost.

Vanquished Creatures
  3 adders (D:2)
  An ooze (D:2)
  5 worms
  2 dart slugs
  4 giant cockroaches
  5 goblins
  7 hobgoblins
  2 jackals (D:3)
  7 kobolds
  3 ball pythons
  6 bats
  4 frilled lizards
  5 rats
54 creatures vanquished.

Notes
Turn   | Place    | Note
-------+----------+-------------------------------------------
     0 | D:1      | Jynx the Merfolk Ice Elementalist began the quest for the Orb.
     0 | D:1      | Reached XP level 1. HP: 13/13 MP: 3/3
   304 | D:1      | Reached XP level 2. HP: 19/19 MP: 3/5
  1560 | D:1      | Learned a level 2 spell: Throw Frost
  1585 | D:1      | Reached skill level 4 in Ice Magic
  1585 | D:1      | Reached XP level 3. HP: 24/24 MP: 0/6
  2233 | D:2      | Found a shadowy altar of Dithmenos.
  2256 | D:2      | Reached XP level 4. HP: 30/30 MP: 4/8
  2298 | D:2      | Learned a level 3 spell: Ozocubu's Armour
  3775 | D:3      | Noticed Corvus's ghost (amateur FeCj)
  3802 | D:3      | Slain by Corvus's ghost

Skill      XL: |  1  2  3 |
---------------+----------+-----
Ice Magic      | 4 |  4.8
Spellcasting   | 3 |  3.1
Dodging        | |  2.6
Stealth        | |  2.1
Conjurations   | |  0.8
Charms         | |  0.7

Action                   |  1- 3 |  4- 6 || total
-------------------------+-------+-------++-------
Melee: Dagger            |     4 |       ||     4
       Unarmed           |     3 |       ||     3
       Falchion          |     1 |    43 ||    44
 Cast: Freeze            |    71 |    46 ||   117
       Ozocubu's Armour  |       |     3 ||     3
  Use: Potion            |       |     3 ||     3
       Scroll            |       |     2 ||     2
 Stab: Sleeping          |       |     1 ||     1
  Eat: Chunk             |     5 |     5 ||    10
Armor: Robe              |    17 |    20 ||    37
Dodge: Dodged            |    36 |    44 ||    80
       Rpst.: Falchion   |     2 |    13 ||    15
